 Dungeon Crawl Stone Soup version 0.29-a0-375-g5102b3be25 (webtiles) character file.

Game seed: 4215314975826041824

21912 flotson the Fighter (level 12, -3/96 HPs)
             Began as a Demonspawn Delver on May 3, 2022.
             Was an Initiate of Gozag.
             Slain by a manticore (13 damage)
             ... summoned by Kirke
             ... on level 4 of the Lair of Beasts.
             The game lasted 00:29:27 (17368 turns).

flotson the Fighter (Demonspawn Delver)            Turns: 17368, Time: 00:29:28

Health: -3/96      AC:  0    Str: 17    XL:     12   Next: 58%
Magic:  12/12      EV: 19    Int: 11    God:    Gozag
Gold:   1825       SH:  0    Dex: 16    Spells: 11/11 levels left

rFire   . . .      SeeInvis .   (weapon currently unavailable)
rCold   . . .      Faith    .   (shield currently unavailable)
rNeg    . . .      Spirit   .   (body armour currently unavailable)
rPois   .          Reflect  .   (helmet currently unavailable)
rElec   .          Harm     .   (cloak currently unavailable)
rCorr   .          Rampage  .   (gloves currently unavailable)
Will    .....                   (boots currently unavailable)
Stlth   +.........              m - amulet of the acrobat
HPRegen 0.26/turn               (ring currently unavailable)
MPRegen 0.13/turn               (ring currently unavailable)

@: confused, about to teleport, pig-form, ambrosia-drunk, spiked, slowed
A: fast, no casting, small, (icy blue scales 1), powered by death 1, demonic
magic 2, (weakness stinger 2), (horns 2), agile 1, dopey 1
a: Renounce Religion, Potion Petition, Call Merchant, Bribe Branch


You were on level 4 of the Lair of Beasts.
You worshipped Gozag.
Gozag was most pleased with you.
You were a filthy swine.
You visited 3 branches of the dungeon, and saw 13 of its levels.

You collected 2534 gold pieces.
You spent 576 gold pieces at shops.
You paid 133 gold pieces to Gozag.

Inventory:

Hand Weapons
 a - a +0 war axe of venom (melded)
 b - the +2 whip of Reapportionment {vorpal, rF+ Will++}
   (You took it off a centaur on level 8 of the Dungeon)

   It inflicts extra damage upon your enemies.
   rF:        It protects you from fire.
   Will:      It greatly increases your willpower.
 R - a +1 flail of protection
Missiles
 v - 2 poisoned darts (quivered)
 x - a throwing net
 G - 4 boomerangs
 H - 7 javelins
 U - 4 atropa-tipped darts
 W - 3 curare-tipped darts
Armour
 e - a +0 kite shield (melded)
 s - a +0 pair of boots (melded)
 F - the +6 scale mail of the Heavens (melded) {rElec rPois MP+9}
   (You bought it in a shop on level 7 of the Dungeon)

   rElec:     It insulates you from electricity.
   rPois:     It protects you from poison.
   MP:        It affects your magic capacity (+9).
 I - a +0 pair of gloves (melded)
 T - the +0 helmet of the Equinox {rN+ Regen+ Dex+4}
   (You found it on level 1 of the Lair of Beasts)

   Dex:       It affects your dexterity (+4).
   rN:        It protects you from negative energy.
   Regen:     It increases your rate of health regeneration.
Jewellery
 j - a ring of fire
 m - an amulet of the acrobat (around neck)
 B - an amulet of regeneration
 J - a +4 ring of slaying (melded)
 S - a ring of resist corrosion (melded)
Wands
 d - a wand of paralysis (5)
 f - a wand of charming (4)
 A - a wand of iceblast (6)
 D - a wand of flame (11)
 Q - a wand of digging (2)
 V - a wand of polymorph (3)
Scrolls
 c - 3 scrolls of fog
 g - 2 scrolls of immolation {unknown}
 h - 2 scrolls of acquirement {unknown}
 i - 3 scrolls of teleportation
 l - a scroll of identify
 o - a scroll of brand weapon {unknown}
 p - 4 scrolls of noise {unknown}
 r - 6 scrolls of blinking {unknown}
 t - 3 scrolls of enchant weapon {unknown}
 u - 2 scrolls of magic mapping
 y - 3 scrolls of vulnerability {unknown}
 E - 2 scrolls of enchant armour {unknown}
 M - 3 scrolls of poison {unknown}
 O - a scroll of amnesia {unknown}
Potions
 k - 5 potions of cancellation
 n - 8 potions of attraction
 q - a potion of flight
 w - 4 potions of degeneration
 z - 6 potions of curing
 C - 3 potions of berserk rage
 L - 3 potions of haste
 N - a potion of lignification
 P - 2 potions of ambrosia


   Skills:
 + Level 9.5 Fighting
 + Level 2.0(5.5) Axes
 - Level 8.1(8.2) Polearms
 - Level 6.0 Throwing
 + Level 8.1 Armour
 + Level 8.4 Dodging
 - Level 4.5 Stealth
 + Level 7.0 Shields
 - Level 6.0 Evocations


You had 11 spell levels left.
You didn't know any spells.
Your spell library contained the following spells:

 Spells                   Type           Power      Damage    Failure   Level
 Animate Skeleton         Necr           0%         N/A       34%         1
 Apportation              Tloc           0%         N/A       34%         1
 Foxfire                  Conj/Fire      0%         2x1d4     34%         1
 Freeze                   Ice            0%         1d3       34%         1
 Magic Dart               Conj           0%         1d3       34%         1
 Sandblast                Erth           0%         2d4       34%         1
 Shock                    Conj/Air       0%         1d3       34%         1
 Summon Small Mammal      Summ           0%         N/A       34%         1
 Call Imp                 Summ           0%         N/A       47%         2
 Passwall                 Tmut/Erth      0%         N/A       47%         2
 Sublimation of Blood     Necr           0%         N/A       47%         2
 Conjure Flame            Conj/Fire      0%         6-21      71%         3
 Frozen Ramparts          Ice            0%         1d2       71%         3
 Inner Flame              Hex/Fire       0%         N/A       71%         3
 Mephitic Cloud           Conj/Pois/Air  0%         N/A       71%         3
 Stone Arrow              Conj/Erth      0%         3d7       71%         3
 Swiftness                Air            0%         N/A       71%         3
 Airstrike                Air            0%         N/A       98%         4
 Anguish                  Hex/Necr       0%         N/A       98%         4
 Dispel Undead            Necr           0%         3d6       98%         4
 Flame Wave               Conj/Fire      0%         2d4       98%         4
 Hailstorm                Conj/Ice       0%         3d3       98%         4
 Petrify                  Tmut/Erth      0%         N/A       98%         4
 Irradiate                Conj/Tmut      0%         3d13      100%        5
 Metabolic Englaciation   Hex/Ice        0%         N/A       100%        5
 Statue Form              Tmut/Erth      0%         N/A       100%        6
 Infestation              Necr           0%         N/A       100%        8


Dungeon Overview and Level Annotations

Branches:
Dungeon (8/15)             Temple (1/1) D:6            Lair (4/6) D:8
 Shoals (0/4) Lair:2       Spider (0/4) Lair:4

Altars:
Ashenzari
Cheibriados
Dithmenos
Elyvilon
Fedhas
Gozag
Kikubaaqudgha
Makhleb
Nemelex Xobeh
Okawaru
Qazlal
Ru
Sif Muna
Trog
Uskayaw
Vehumet
Wu Jian
Xom
Yredelemnul
Zin
The Shining One

Shops:
D:4 *   D:7 [

Annotations:
D:8 2 runed translucent doors
Lair:4 Kirke


Innate Abilities, Weirdness & Mutations

You are a filthy swine.
You move quickly.
Your equipment is almost entirely melded.
You are incapable of wielding weapons or throwing items.
You cannot cast spells.
((You are partially covered in icy blue scales. (AC +2)))
You regenerate a little health from kills.
Spells you cast may paralyse nearby enemies.
((You have a tail ending in a sharp stinger.))
((You have a pair of horns on your head.))
You are agile. (Dex +2)
You are dopey. (Int -2)


Message History

You are confused.
Kirke completely misses you.
The hog squeals angrily.
Unknown command.
Unknown command.
You are too confused!
Unknown command.
You feel better. The manticore bites you!! The manticore closely misses you.
The manticore claws you! Kirke casts a spell at you.
You struggle to resist.
Unknown command.
As you read the scroll of teleportation, it crumbles to dust.
You feel strangely unstable. The manticore closely misses you.
The manticore completely misses you. The manticore claws you!
* * * LOW HITPOINT WARNING * * *
The sphinx mumbles some strange words.
You are confused.
Kirke points at you and mumbles some strange words.
You struggle to resist.
The hog closely misses you. The hog bites you!
* * * LOW HITPOINT WARNING * * *
You feel much better. The manticore completely misses you. x2
The manticore claws you!
* * * LOW HITPOINT WARNING * * *
The sphinx mumbles some strange words.
You feel yourself slow down. The hog bites you.
* * * LOW HITPOINT WARNING * * *
The hog bites you.
* * * LOW HITPOINT WARNING * * *
Kirke misses you.
You are more confused.
You feel invigorated. The sphinx hits you.
* * * LOW HITPOINT WARNING * * *
The sphinx hits you.
* * * LOW HITPOINT WARNING * * *
The sphinx barely misses you. The hog bites you!
* * * LOW HITPOINT WARNING * * *
The hog misses you. The manticore barely misses you. The manticore claws you!
You die...
Your body crumbles into a pile of gold.

####.....# ###.....P#.#.....
.##.....## #..............#
.#.....#.# ##............P#
........#### ##..P##..#..#..#
....##P###.####
#....########### ..######
#....# ##..#.# ###
##..#####..#### #....##H...#
#.#..@hh...#######
###P.Hh........#.### ####
##.....##.#.[....##
######.P###....########.P...##
###......P......## ###....##
#.#...#.........## ##....#
##..##.#.##....#.# #.....
#...#.######.##### #.....
#.....## ##...##### ##.....


You could see Kirke, a sphinx (summoned), a manticore (summoned) and 2 hogs.

Vanquished Creatures
  A minotaur (Lair:1)
  A hydra (Lair:4)
  2 two-headed ogres (D:8)
  A manticore (D:8)
  A wolf spider (Lair:4)
  An ugly thing (D:8)
  5 elephants (Lair:3)
  2 black mambas
  4 cane toads
  A gargoyle (D:8)
  An unseen horror (D:8)
  5 komodo dragons
  3 polar bears
  A troll (D:7)
  12 blink frogs
  Grinder (D:3)
  2 jumping spiders (Lair:4)
  A culicivora (Lair:4)
  13 yaks
  4 wyverns
  2 hogs (Lair:4)
  A redback (Lair:4)
  3 basilisks
  A steam dragon (D:8)
  Edmund (D:4)
  13 water moccasins
  3 black bears
  2 ice beasts
  A sky beast (D:7)
  An orc warrior (D:8)
  11 wolves
  An ogre (D:6)
  4 centaurs
  A phantom (D:6)
  A kobold brigand (D:8)
  8 bullfrogs
  3 necrophages
  A gnoll sergeant (D:5)
  6 scorpions
  7 wights (D:8)
  3 howler monkeys
  A hound (D:7)
  2 jellies (D:8)
  8 orc priests
  An iguana (D:6)
  4 orc wizards
  6 adders
  9 gnolls
  A shadow imp (D:8)
  A white imp (D:5)
  4 worms
  2 dart slugs
  22 orcs
  10 endoplasms
  5 giant cockroaches
  6 goblins
  7 hobgoblins
  2 jackals (D:4)
  9 kobolds
  3 quokkas
  4 ball pythons
  3 bats
  4 frilled lizards
  4 rats
254 creatures vanquished.

Vanquished Creatures (others)
  19 fungi
  37 plants
56 creatures vanquished.

Grand Total: 310 creatures vanquished

Notes
Turn   | Place    | Note
-------+----------+-------------------------------------------
     0 | D:5      | flotson the Demonspawn Delver began the quest for the Orb.
     0 | D:5      | Reached XP level 1. HP: 18/18 MP: 1/1
     7 | D:5      | Noticed an orc wizard
     7 | D:5      | Noticed an orc priest
    46 | D:5      | Noticed a scorpion
   124 | D:5      | Gained mutation: You are partially covered in icy blue
                  | scales. (AC +2) [demonic ancestry]
   124 | D:5      | Reached XP level 2. HP: 24/24 MP: 2/2
   181 | D:5      | Noticed a black bear
   614 | D:3      | Reached skill level 1 in Armour
   730 | D:1      | Reached XP level 3. HP: 19/29 MP: 3/3
  1798 | D:2      | Gained mutation: Spells you cast may paralyse adjacent
                  | enemies. [demonic ancestry]
  1798 | D:2      | Reached XP level 4. HP: 9/36 MP: 4/4
  1798 | D:2      | Gained mutation: You have a pair of small horns on your
                  | head. [potion of mutation]
  1798 | D:2      | Gained mutation: Your skin changes colour to match your
                  | surroundings (Stealth+). [potion of mutation]
  1798 | D:2      | Gained mutation: Your flesh is heat resistant. (rF+)
                  | [potion of mutation]
  1798 | D:2      | Gained mutation: You have a pair of horns on your head.
                  | [potion of mutation]
  2223 | D:2      | Found a faded altar of an unknown god.
  2526 | D:1      | Reached XP level 5. HP: 42/42 MP: 5/5
  2630 | D:1      | Reached skill level 4 in Fighting
  3423 | D:3      | Noticed an ice beast
  3454 | D:3      | You fall into a shaft and drop 3 floors!
  3454 | D:6      | Noticed a centaur
  3474 | D:6      | Noticed a water moccasin
  3481 | D:6      | Found a staircase to the Ecumenical Temple.
  3521 | D:5      | Found a stormy altar of Qazlal.
  3639 | D:3      | Gained mutation: You have a small tail. [demonic ancestry]
  3639 | D:3      | Reached XP level 6. HP: 8/48 MP: 6/6
  4101 | D:4      | Noticed Edmund
  4115 | D:4      | Killed Edmund
  4116 | D:4      | Reached skill level 1 in Throwing
  4322 | D:4      | Reached skill level 1 in Evocations
  4557 | D:4      | Gained mutation: You regenerate a little health from kills.
                  | [demonic ancestry]
  4557 | D:4      | Reached XP level 7. HP: 40/55 MP: 7/7
  5064 | Temple   | Entered the Ecumenical Temple
  5128 | Temple   | Became a worshipper of Gozag Ym Sagoz the Greedy
  5317 | D:3      | Noticed Grinder
  5351 | D:3      | Killed Grinder
  5352 | D:3      | Reached skill level 5 in Fighting
  5352 | D:3      | Reached XP level 8. HP: 62/62 MP: 8/8
  5686 | D:4      | Found Riziz's Assorted Antiques.
  5692 | D:4      | Bought an orange potion for 27 gold pieces
  5692 | D:4      | Bought a scroll labelled RAMIENKIAZU for 30 gold pieces
  5692 | D:4      | Bought a scroll labelled GYOPHUCUI NOAS for 30 gold pieces
  6417 | D:5      | Reached skill level 1 in Shields
  6951 | D:6      | Found a sacrificial altar of Ru.
  6956 | D:6      | Found a hide-covered altar of Uskayaw.
  6960 | D:6      | Found a shimmering altar of Xom.
  6961 | D:6      | Found a blossoming altar of Fedhas.
  6961 | D:6      | Found a burning altar of Makhleb.
  6963 | D:6      | Found an iron altar of Okawaru.
  6964 | D:6      | Found an ancient bone altar of Kikubaaqudgha.
  6965 | D:6      | Found a sparkling altar of Nemelex Xobeh.
  7354 | D:4      | Bought a shimmering trident for 255 gold pieces
  7354 | D:4      | Identified the +4 trident of Plague {freeze, rC+ Str-4
                  | Stlth+} (You bought it in a shop on level 4 of the Dungeon)
  7400 | D:7      | Noticed a troll
  7406 | D:7      | Killed a troll
  7407 | D:7      | Reached XP level 9. HP: 69/69 MP: 9/9
  7538 | D:7      | Reached skill level 5 in Polearms
  7538 | D:7      | Reached skill level 5 in Dodging
  7653 | D:7      | Reached skill level 6 in Fighting
  7758 | D:7      | Found Oxaunn's Antique Armour Shop.
  7843 | D:7      | Bought a faintly humming scale mail for 234 gold pieces
  7843 | D:7      | Identified the +6 scale mail of the Heavens {rElec rPois
                  | MP+9} (You bought it in a shop on level 7 of the Dungeon)
  8665 | D:8      | Noticed a komodo dragon
  8674 | D:8      | Killed a komodo dragon
  8675 | D:8      | Reached skill level 5 in Armour
  8728 | D:8      | Killed an unseen horror
  8759 | D:8      | Noticed a komodo dragon
  8761 | D:8      | Noticed a komodo dragon
  8842 | D:8      | Noticed a two-headed ogre
  9032 | D:8      | Killed a komodo dragon
  9087 | D:8      | Gained mutation: You have a tail ending in a sharp stinger.
                  | [demonic ancestry]
  9087 | D:8      | Reached XP level 10. HP: 73/77 MP: 10/10
  9210 | D:8      | Reached skill level 5 in Evocations
  9413 | D:8      | Found a staircase to the Lair.
  9566 | D:8      | Identified the +2 whip of Reapportionment {vorpal, rF+
                  | Will++}
  9569 | D:8      | Found a large runed translucent door.
  9987 | D:8      | Killed a two-headed ogre
  9988 | D:8      | Reached skill level 7 in Fighting
 10226 | D:8      | Found a large runed translucent door.
 10229 | D:8      | Noticed a manticore
 10296 | D:8      | Noticed a gargoyle
 10300 | D:8      | Killed a gargoyle
 10301 | D:8      | Reached skill level 5 in Throwing
 10313 | D:8      | Noticed a two-headed ogre
 10318 | D:8      | Killed a two-headed ogre
 10442 | D:8      | Got Borgnjor's Disquisition on Evil Rituals
 10558 | D:8      | Found a large runed translucent door.
 10558 | D:8      | Found a large runed translucent door.
 10663 | D:8      | Noticed a green ugly thing
 10676 | D:8      | Killed a green ugly thing
 10978 | D:8      | Found a bloodstained altar of Trog.
 11279 | D:8      | Killed a manticore
 11280 | D:8      | Gained mutation: Spells you cast may paralyse nearby
                  | enemies. [demonic ancestry]
 11280 | D:8      | Reached XP level 11. HP: 84/84 MP: 11/11
 11392 | Lair:1   | Entered Level 1 of the Lair of Beasts
 12070 | Lair:1   | Identified the +0 helmet of the Equinox {rN+ Regen+ Dex+4}
 12106 | Lair:1   | Lost mutation: You have a pair of horns on your head.
                  | [potion of mutation]
 12106 | Lair:1   | Lost mutation: Your flesh is heat resistant. (rF+) [potion
                  | of mutation]
 12106 | Lair:1   | Lost mutation: Your skin changes colour to match your
                  | surroundings (Stealth+). [potion of mutation]
 12106 | Lair:1   | Gained mutation: You have a pair of horns on your head.
                  | [potion of mutation]
 12106 | Lair:1   | Gained mutation: You are dopey. (Int -2) [potion of
                  | mutation]
 12106 | Lair:1   | Gained mutation: You are agile. (Dex +2) [potion of
                  | mutation]
 12121 | Lair:1   | Found a runed translucent door.
 12650 | Lair:1   | Noticed a minotaur
 12664 | Lair:1   | HP: 1/85 [minotaur (7)]
 12669 | Lair:1   | Killed a minotaur
 12670 | Lair:1   | Reached skill level 5 in Shields
 13162 | Lair:2   | Reached skill level 8 in Fighting
 13529 | Lair:2   | Found a staircase to the Shoals.
 14014 | Lair:3   | Identified the +3 longbow "Duapisaj" {flame, Will- rCorr
                  | Str+8 Dex+2}
 14497 | Lair:3   | Reached XP level 12. HP: 89/94 MP: 12/12
 14955 | Lair:3   | Reached skill level 9 in Fighting
 15967 | Lair:4   | Noticed Kirke
 16383 | Lair:4   | Noticed an eight-headed hydra
 16391 | Lair:4   | Killed an eight-headed hydra
 16392 | Lair:4   | Reached skill level 1 in Axes
 16505 | Lair:4   | Found a hole to the Spider Nest.
 17364 | Lair:4   | Noticed a sphinx
 17368 | Lair:4   | Slain by a manticore

Illustrated notes

Levels and vault maps discovered:
D:1:      lightli_arrival_chessboard, layout_loops_ring
D:2:      cheibrodos_pilgrimage, layout_loops_ring,
          ebering_ecumenical_altar_webs, dk_noncrumbling_2
D:3:      layout_loops_ring, uniq_grinder
D:4:      layout_rooms, zin_treasury, serial_shops, nicolae_shop_statue_plus,
          uniq_edmund
D:5:      layout_rooms, grunt_qazlal_sundering
D:6:      layout_loops_cross, nicolae_elyvilon_peaceful_grove, minitemple,
          minmay_temple_entry_mist, chequers_serial_rivers_room_a
D:7:      layout_cave_pods, serial_rivers, chequers_serial_rivers_small_b,
          chequers_serial_rivers_marsh, chequers_serial_rivers_marsh,
          chequers_serial_rivers_micro_e, chequers_serial_rivers_micro_d,
          kennysheep_windowed_goal
D:8:      layout_basic, kennysheep_little_box, erik_lair_dragon,
          minmay_hollow_rounded_squares
Temple:   jpeg_temple_island
Lair:1:   dreamdust_labyrinth, layout_chaotic_city
Lair:2:   layout_cave_shapes, elwin_shoals_entry_rocks
Lair:3:   layout_hall_layers, serial_bayou_shore_a, lemuel_fruit_tree
Lair:4:   layout_layer_cave, spider_nest_entry_funnel_web, uniq_kirke

Skill      XL: |  1  2  3  4  5  6  7  8  9 10 11 12 |
---------------+-------------------------------------+-----
Polearms       | 2 3 4 5 6 7 8 |  8.1
Dodging        | 2 3 4 5 6 7 8 |  8.4
Armour         | 1 2 3 4 5 6 7 8 |  8.1
Fighting       | 4 5 6 7 8 9 |  9.5
Throwing       | 1 2 3 4 5 6 |  6.0
Evocations     | 1 2 3 4 6 |  6.0
Shields        | 2 3 4 6 7 |  7.0
Axes           | 2 |  2.0
Stealth        | |  4.5

Action                   |  1- 3 |  4- 6 |  7- 9 | 10-12 || total
-------------------------+-------+-------+-------+-------++-------
Melee: Spear             |    14 |       |       |       ||    14
       Trident           |    86 |    33 |       |       ||   119
       Punch             |     2 |       |       |       ||     2
       Halberd           |       |    50 |       |       ||    50
       Headbutt          |       |    20 |    60 |   100 ||   180
       Great sword       |       |    19 |       |       ||    19
       Flail             |       |    32 |   257 |    68 ||   357
       Tailslap          |       |     6 |    29 |    71 ||   106
       Whip              |       |       |       |    94 ||    94
       War axe           |       |       |       |   245 ||   245
Throw: Dart              |       |       |     4 |     4 ||     8
       Boomerang         |       |       |     8 |       ||     8
       Javelin           |       |       |       |    11 ||    11
Evoke: Wand              |     3 |       |     6 |    12 ||    21
  Use: Potion            |     2 |     3 |     3 |     9 ||    17
       Scroll            |     2 |       |       |    11 ||    13
 Stab: Sleeping          |    15 |     5 |     7 |     4 ||    31
       Distracted        |       |       |     1 |     2 ||     3
Armor: Leather armour    |    24 |       |       |       ||    24
       Chain mail        |       |     5 |       |       ||     5
       Skin              |       |     3 |       |       ||     3
       Ring mail         |       |    40 |   105 |       ||   145
       Scale mail        |       |       |    56 |   319 ||   375
Dodge: Dodged            |    44 |    74 |   178 |   386 ||   682
Block: Buckler           |       |       |    25 |       ||    25
       Kite shield       |       |       |    66 |   325 ||   391

Table legend: (Time is in decaauts)
 A = Elapsed time spent in this place.
 B = Non-inter-level travel time spent in this place.
 C = Inter-level travel time spent in this place.
 D = Time resting spent in this place.
 E = Time spent auto-exploring this place.
 F = Levels seen in this place.
 G = Mean time per level.
                   A        B        C        D        E       F      G
               +--------+--------+--------+--------+--------+-----+--------+
         Total |  17730 |  16710 |   1020 |   1588 |  12066 |  13 | 1363.8 |
       Dungeon |  11513 |  10679 |    834 |   1272 |   7180 |   8 | 1439.1 |
        Temple |     81 |     65 |     16 |      0 |     53 |   1 |   81.0 |
          Lair |   6136 |   5966 |    170 |    315 |   4832 |   4 | 1534.0 |
               +--------+--------+--------+--------+--------+-----+--------+

Top non-repeatable levels by time:
     D:8: 2324 daAuts
  Lair:1: 1938 daAuts
  Lair:4: 1808 daAuts
     D:7: 1786 daAuts
  Lair:3: 1696 daAuts
     D:3: 1520 daAuts
     D:6: 1417 daAuts
     D:1: 1345 daAuts
     D:2: 1302 daAuts
     D:4: 970 daAuts
     D:5: 846 daAuts
  Lair:2: 692 daAuts
  Temple: 81 daAuts
